[Event "4NCL 2nd Div 2023-24"]
[Site "Daventry"]
[Date "2024.05.05"]
[Round "10.4"]
[White "Wall, Gavin"]
[Black "Rees, Ioan"]
[Result "0-1"]
[ECO "C54"]
[WhiteElo "2281"]
[BlackElo "2245"]
[Annotator "TA"]
[PlyCount "98"]
[EventDate "2023.11.11"]
[EventType "team-tourn"]
[EventCountry "ENG"]
[SourceTitle "playchess.com"]
[Source "ChessBase"]
[SourceQuality "1"]
[TimeControl "40/6000+30:3000+30"]

1. e4 e5 2. Nf3 Nc6 3. Bc4 Bc5 4. c3 Nf6 5. d3 a6 6. O-O d6 7. a4 h6 8. Re1 Ba7 9. Nbd2 Be6 10. Bxe6 {[%emt 0:27:15] White is slightly better.} fxe6 11. Nb3 O-O 12. d4 Qe8 13. Be3 Ng4 (13... Nxe4 $6 14. d5 $16) 14. h3 Nxe3 15. Rxe3 Qg6 16. Qd3 Rf7 17. Nh2 Raf8 18. Rg3 Qh5 19. Nf3 $1 Rf4 20. Rf1 Kh8 (20... Qf7 {simplifies} 21. Qe2 exd4 22. Nbxd4 Nxd4 23. cxd4 c5) 21. d5 exd5 22. Qxd5 g5 (22... Qf7 {simplifies} 23. Qxf7 R4xf7 24. Nc1 Nd8) 23. Nbd2 g4 24. hxg4 Rxg4 25. Rxg4 Qxg4 26. b4 {[%emt 0:03:41] [#]} (26. Nh2 $15 Qg3 27. Ndf3) 26... Nd8 $1 $17 {[%emt 0:01:28] And now ...Rg8 would win. Black is more active.} 27. Kh1 $2 (27. Nh2 $17 {was the crucial defense.} Qg3 28. Nhf3) 27... h5 $2 (27... Rg8 $19 28. Ne1 Qh5+ 29. Kg1 Rg6) 28. Qd3 (28. Nh2 $15 Qe2 29. Ndf3) 28... Rg8 29. g3 {[%emt 0:00:10] [#]} (29. Ne1 $17) 29... h4 (29... Qh3+ $142 $1 30. Nh2 h4) 30. Nh2 $2 (30. Ng1) 30... Qh3 $19 31. Qf3 {[%emt 0:00:10] Qf6+ is the strong threat.} hxg3 32. fxg3 Rxg3 33. Qf6+ Kh7 34. Qf5+ (34. Qe7+ $2 Rg7 $19) 34... Qxf5 35. exf5 d5 {[%emt 0:00:30][%cal Oe5e4] Wards off Ne4} 36. Ndf3 (36. Nhf3 {was worth a try.} Nf7 37. Kh2) 36... Nf7 37. Rd1 e4 38. Nd4 Rxc3 39. Ne6 c6 40. Ng4 Nh6 41. Ng5+ Kg7 42. f6+ $2 (42. Ne6+ Kh8 43. Nxh6 Rh3+ 44. Kg2 Rxh6 45. b5) 42... Kg6 43. Nxh6 {[%emt 0:00:05] f7 would now be deadly.} Kxg5 {[%emt 0:10:32][%mdl 4096] Endgame. KRB-KRN} 44. Rf1 Bb8 (44... Kxh6 45. f7 Rh3+ 46. Kg2 $15) ({But not} 44... Rh3+ 45. Kg2 Rxh6 46. f7 $19) 45. Nf7+ (45. f7 $142 Bd6 (45... Kxh6 46. f8=Q+ Kh5 47. Qh8+ Kg5 48. Qg7+ Kh4 49. Qxc3 d4 50. Qxd4) 46. Nf5 Bxb4 47. Nd4) 45... Kg6 46. Nd8 Rf3 47. Rxf3 exf3 48. Nxb7 Kxf6 {[%emt 0:00:00] ( -> ...Kf5)} 49. Na5 d4 {[%emt 0:00:00] Weighted Error Value: White=0.74/Black=0.31.  Loses game:     	White=2     	---        Missed win:     	---       	Black=1      Mistake:       	White=6     	Black=1      Inaccurate:     	White=4     	Black=3      OK:         	White=12    	Black=11     Best:        	White=2     	Black=6      Strong:       	White=1     	Black=1} 0-1

[Event "4NCL 2nd Div 2023-24"]
[Site "Daventry"]
[Date "2024.05.05"]
[Round "10.5"]
[White "Bullen, Alex"]
[Black "McPhillips, Karl"]
[Result "1-0"]
[ECO "D02"]
[WhiteElo "2186"]
[BlackElo "2196"]
[Annotator "RC"]
[PlyCount "119"]
[EventDate "2023.11.11"]
[EventType "team-tourn"]
[EventCountry "ENG"]
[SourceTitle "playchess.com"]
[Source "ChessBase"]
[SourceQuality "1"]
[TimeControl "40/6000+30:3000+30"]

1. d4 d5 2. Nf3 Nc6 3. e3 Bg4 4. h3 Bxf3 5. Qxf3 e5 6. Bb5 e4 7. Qd1 a6 8. Bxc6+ bxc6 9. c4 f5 10. Qa4 Qd7 11. Nc3 Nf6 12. Bd2 c5 13. dxc5 Qxa4 14. Nxa4 dxc4 15. Rc1 Nd7 16. Rxc4 Ne5 17. Rc2 Rb8 18. Ke2 Rb5 19. b4 a5 20. a3 axb4 21. Bxb4 Nd3 22. Rb1 Kd7 23. Nc3 Rb8 24. c6+ Ke6 25. Na2 Bxb4 26. axb4 Rb5 27. f3 Rhb8 28. fxe4 fxe4 29. Rc4 Kd5 30. Rxe4 Kxe4 31. Nc3+ Ke5 32. Nxb5 Rxb5 33. Kxd3 Kd5 34. e4+ Kxc6 35. Kc4 Rg5 36. Rb2 h5 37. Re2 Kd6 38. e5+ Ke6 39. Kd4 Rf5 40. b5 Rf1 41. Rc2 Rd1+ 42. Ke4 Re1+ 43. Kf4 Rf1+ 44. Kg5 Rf5+ 45. Kg6 Rxe5 46. Rxc7 Rxb5 47. Rxg7 h4 48. Kh6 Rc5 49. Rg5 Rc8 50. Kh5 Rh8+ 51. Kg4 Rh6 52. Kf4 Rf6+ 53. Ke4 Rh6 54. Ra5 Rh8 55. Ra6+ Kf7 56. Kf5 Rb8 57. Ra7+ Kg8 58. Ra4 Rb5+ 59. Kg6 Rb6+ 60. Kg5 1-0

[Event "4NCL 2nd Div 2023-24"]
[Site "Daventry"]
[Date "2024.05.05"]
[Round "10.6"]
[White "Freeman, Gordon"]
[Black "Taylor, William J"]
[Result "1/2-1/2"]
[ECO "E04"]
[WhiteElo "2062"]
[BlackElo "1972"]
[Annotator "NA RC"]
[PlyCount "61"]
[EventDate "2023.11.11"]
[EventType "team-tourn"]
[EventCountry "ENG"]
[SourceTitle "playchess.com"]
[Source "ChessBase"]
[SourceQuality "1"]
[TimeControl "40/6000+30:3000+30"]

1. d4 d5 2. Nf3 Nf6 3. g3 e6 4. Bg2 c5 5. c4 dxc4 6. Qa4+ Bd7 7. Qxc4 Nc6 8. dxc5 Qa5+ 9. Nbd2 Qxc5 10. O-O Rc8 11. Qxc5 Bxc5 12. Nb3 Bb6 13. Bd2 Ne4 14. Bf4 Bc7 15. Bxc7 Rxc7 16. Rac1 Rc8 17. Nfd4 Nxd4 18. Nxd4 Nd6 19. Rxc8+ Bxc8 20. Rc1 Kd8 21. f4 Re8 22. Rc5 f6 23. Kf2 e5 24. fxe5 Rxe5 25. Rxe5 fxe5 26. Nf3 Nf7 27. Nd2 Nd6 28. Ne4 Nxe4+ 29. Bxe4 h6 30. Ke3 b6 31. Bb1 1/2-1/2

[Event "4NCL 2nd Div 2023-24"]
[Site "Daventry"]
[Date "2024.05.05"]
[Round "10.7"]
[White "Freeland, Alex"]
[Black "Bourached, Anthony"]
[Result "0-1"]
[ECO "D20"]
[WhiteElo "2041"]
[BlackElo "1977"]
[Annotator "NA RC"]
[PlyCount "40"]
[EventDate "2023.11.11"]
[EventType "team-tourn"]
[EventCountry "ENG"]
[SourceTitle "playchess.com"]
[Source "ChessBase"]
[SourceQuality "1"]
[TimeControl "40/6000+30:3000+30"]

1. d4 d5 2. c4 dxc4 3. e4 b5 4. a4 c6 5. axb5 cxb5 6. Nc3 a6 7. Bf4 Bb7 8. Nf3 e6 9. Be2 Nf6 10. Ne5 Nxe4 11. Bf3 Nxc3 12. bxc3 Bxf3 13. Qxf3 Qd5 14. Qh5 Ra7 15. O-O Bd6 16. Rfe1 O-O 17. Re3 f6 18. Rh3 g6 19. Nxg6 Qxh5 20. Rxh5 hxg6 0-1

[Event "4NCL 2nd Div 2023-24"]
[Site "Daventry"]
[Date "2024.05.05"]
[Round "10.8"]
[White "Putar, Lara"]
[Black "Smith, Lynda"]
[Result "0-1"]
[ECO "A92"]
[WhiteElo "1982"]
[BlackElo "1860"]
[Annotator "NA RC"]
[PlyCount "75"]
[EventDate "2023.11.11"]
[EventType "team-tourn"]
[EventCountry "ENG"]
[SourceTitle "playchess.com"]
[Source "ChessBase"]
[SourceQuality "1"]
[TimeControl "40/6000+30:3000+30"]

1. d4 d5 2. c4 e6 3. Nf3 f5 4. g3 Nf6 5. Bg2 c6 6. O-O Be7 7. Qc2 O-O 8. Bf4 Ne4 9. h4 Nd7 10. Nc3 Ndf6 11. e3 Bd7 12. Ne2 Rc8 13. Ne5 Nh5 14. Bf3 Nxf4 15. Nxf4 Rf6 16. Kg2 Bd6 17. Rh1 Qc7 18. Nfd3 Rh6 19. c5 Be7 20. b4 Rf8 21. Nf4 Bf6 22. Qb2 g5 23. hxg5 Rxh1 24. Rxh1 Bxe5 25. dxe5 Nxg5 26. Nh5 Rf7 27. Nf6+ Kf8 28. Rh5 Nxf3 29. Kxf3 Be8 30. Rh6 Qe7 31. Qd4 Rg7 32. Qh4 Bg6 33. a4 Qc7 34. Kf4 a5 35. bxa5 Qxa5 36. Nxh7+ Rxh7 37. Qf6+ Rf7 38. Rh8# 0-1

[Event "4NCL 2nd Div 2023-24"]
[Site "Daventry"]
[Date "2024.05.05"]
[Round "10.9"]
[White "Makkar, Rajat"]
[Black "Taylor, Martin R"]
[Result "1/2-1/2"]
[ECO "C50"]
[WhiteElo "2455"]
[BlackElo "2366"]
[Annotator "TA"]
[PlyCount "58"]
[EventDate "2023.11.11"]
[EventType "team-tourn"]
[EventCountry "ENG"]
[SourceTitle "playchess.com"]
[Source "ChessBase"]
[SourceQuality "1"]
[TimeControl "40/6000+30:3000+30"]

1. e4 e5 2. Nf3 Nc6 3. Bc4 Be7 4. d4 exd4 5. Nxd4 d6 6. Nc3 Nf6 7. O-O O-O 8. Bf4 Nd7 9. Bxf7+ Rxf7 10. Ne6 Qe8 {[%emt 0:03:32] [#] And now ...Bd8 would win. The position is equal.} 11. Nxc7 Qd8 12. Nxa8 Rxf4 13. Nc7 {[%emt 0:00:34] Strongly threatening Ne6.} Nb6 (13... Qxc7 $2 {loses.} 14. Nd5 Qd8 15. Nxf4 $18) 14. N7d5 Rh4 (14... Nxd5 $11 {was preferrable.} 15. Qxd5+ Kh8) 15. Nxb6 ({Better is} 15. Nxe7+ $14 Qxe7 16. f4) 15... Qxb6 $11 16. Qd5+ Kf8 {[%emt 0:02:24][%mdl 1024] Black has compensation.} 17. b3 Ne5 18. Rae1 Ng4 19. h3 {[%emt 0:02:05] Really sharp!} Nf6 20. Qd3 Bd7 21. Re3 Rh5 22. Rfe1 Bc6 23. Qe2 {[%emt 0:18:19][%cal Oc3d5] [#] Hoping for Nd5!} Re5 24. Qd3 Qc5 25. Kh1 g5 26. Nd1 b5 27. c4 bxc4 28. bxc4 Bd8 29. f3 (29. Nc3 $11) 29... Nh5 {[%emt 0:00:26] Weighted Error Value: White=0.17 (very precise) /Black=0.09 (flawless) .  Mistake:       	White=2     	Black=1      Inaccurate:     	White=2     	Black=2      OK:         	White=10    	Black=10     Best:        	---       	Black=1} 1/2-1/2

[Event "4NCL 2nd Div 2023-24"]
[Site "Daventry"]
[Date "2024.05.05"]
[Round "10.10"]
[White "Merry, Alan B"]
[Black "Rendle, Thomas E"]
[Result "1/2-1/2"]
[ECO "D45"]
[WhiteElo "2439"]
[BlackElo "2380"]
[Annotator "TA"]
[PlyCount "52"]
[EventDate "2023.11.11"]
[EventType "team-tourn"]
[EventCountry "ENG"]
[SourceTitle "playchess.com"]
[Source "ChessBase"]
[SourceQuality "1"]
[TimeControl "40/6000+30:3000+30"]

1. d4 d5 2. c4 c6 3. e3 Nf6 4. Nc3 e6 5. Nf3 Nbd7 6. Qc2 Bd6 7. b3 O-O 8. Be2 b6 9. O-O Bb7 10. Rd1 Qe7 11. Bb2 Rfd8 12. Rac1 Rac8 13. g3 c5 {[%emt 0:14:49] The position is equal.} 14. cxd5 (14. dxc5 {is more complex.} Bxc5 15. cxd5 Nxd5 16. Nxd5 Bxd5 17. Qc3) 14... exd5 15. Qb1 a6 16. a4 Qf8 17. Bf1 g6 18. Bg2 Qh6 19. dxc5 bxc5 20. Nh4 Qh5 21. Qd3 Be5 22. Bf3 Qh6 23. Qe2 Qg7 24. Rc2 Nf8 25. Bg2 Ne4 $1 26. Nb1 (26. Nxe4 $11 dxe4 27. Ba3) 26... Bxb2 {[%emt 0:01:12] Weighted Error Value: White=0.15 (very precise) /Black=0.08 (flawless) .  Mistake:       	White=1     	---        Inaccurate:     	White=3     	Black=2      OK:         	White=4     	Black=7      Strong:       	---       	Black=1} 1/2-1/2

[Event "4NCL 2nd Div 2023-24"]
[Site "Daventry"]
[Date "2024.05.05"]
[Round "10.11"]
[White "Bremner, Adam"]
[Black "Pigott, John C"]
[Result "1-0"]
[ECO "D41"]
[WhiteElo "2187"]
[BlackElo "2299"]
[Annotator "TA"]
[PlyCount "67"]
[EventDate "2023.11.11"]
[EventType "team-tourn"]
[EventCountry "ENG"]
[SourceTitle "playchess.com"]
[Source "ChessBase"]
[SourceQuality "1"]
[TimeControl "40/6000+30:3000+30"]

1. d4 Nf6 2. c4 e6 3. Nf3 d5 4. Nc3 c5 5. cxd5 Nxd5 6. e4 Nxc3 7. bxc3 cxd4 8. cxd4 Bb4+ 9. Bd2 Bxd2+ 10. Qxd2 O-O 11. Bc4 Nd7 12. O-O b6 13. Rad1 Bb7 14. Rfe1 Rc8 15. Bb3 Re8 16. h3 Qf6 {[%emt 0:07:32] The position is equal.} 17. Re3 Qf4 18. Qe2 Nf6 19. d5 exd5 20. exd5 {[%emt 0:02:06] aiming for Ne5.} Rxe3 21. fxe3 Qb4 22. d6 Qc5 {[%emt 0:18:29] Repels Ng5} 23. Rd4 b5 (23... Rd8 {simplifies} 24. Qc4 Qxc4 25. Rxc4 Rxd6 26. Ne5 h6) 24. Qe1 Rd8 25. Qg3 {[%emt 0:07:21] Black must now prevent Qe5.} Ne4 $2 {[%emt 0:10:01][%mdl 8192] [#]} (25... Bxf3 $11 {and Black has nothing to worry.} 26. Qxf3 h6) 26. Qh4 $2 (26. Qf4 $1 $18 {[%cal Rf4f7] is the precise move to win.} Nxd6 27. Ng5 (27. Rxd6 Qxd6 28. Qxf7+ Kh8 $18)) 26... g5 (26... Rxd6 $2 27. Qe7 (27. Rxe4 Bxe4 28. Qxe4 Rf6 $18) 27... Qc1+ 28. Kh2 $18) 27. Qh5 {[%emt 0:09:17] Some like it hot} Rd7 {[%emt 0:01:02] [#]} 28. Qg4 $1 $40 {[%emt 0:01:41][%csl LRd7,LRe4][%mdl 128] Black is in trouble.} Qc1+ $2 {[%emt 0:05:50] This costs Black the game.} (28... Rxd6 $16 {was necessary.} 29. Rxe4 Bxe4 30. Qxe4 Rf6) 29. Kh2 $18 {[%emt 0:00:56] Active counter play!} Qxe3 $2 (29... Rxd6 30. Nxg5 (30. Rxe4 Bxe4 31. Qxe4 Qc7 $18) 30... Nf6) 30. Rxe4 {[%emt 0:00:16] White is clearly winning.} (30. Qxd7 Qf4+ 31. Kg1 Qe3+ 32. Kh1 Ng3+ 33. Kh2 Nf1+ 34. Kh1 Ng3+ 35. Kh2 Nf1+ 36. Kh1 Ng3+ $11) 30... Bxe4 31. Qxd7 Qf4+ 32. Kh1 {[%emt 0:03:09] Qc8+ would now be deadly.} Bxf3 33. Qc8+ ({Stronger than} 33. gxf3 Qxf3+ 34. Kg1 Qg3+ 35. Kf1 Qd3+ 36. Kf2 Qd2+ 37. Kf3 Qf4+ 38. Ke2 Qe4+ 39. Kd2 Qd4+ 40. Ke2 Qe4+ 41. Kd2 Qd4+ 42. Kc2 Qe4+ 43. Kd2 $11) 33... Kg7 34. Qc3+ {[%emt 0:00:05] Weighted Error Value: White=0.61/Black=0.62.  Loses game:     	---       	Black=2      Missed win:     	White=1     	---        Mistake:       	---       	Black=1      Inaccurate:     	White=1     	Black=1      OK:         	White=3     	Black=8      Best:        	White=3     	---        Strong:       	White=1     	---} (34. gxf3 Qxf3+ 35. Kg1 Qg3+ 36. Kf1 (36. Kh1 Qe1+ 37. Kg2 Qe2+ 38. Kg1 Qe1+ 39. Kg2 Qe2+ 40. Kg1 Qe1+ 41. Kg2 $11) 36... Qxd6 $14) 1-0

[Event "4NCL 2nd Div 2023-24"]
[Site "Daventry"]
[Date "2024.05.05"]
[Round "10.12"]
[White "Rogers, Jonathan W"]
[Black "Foisor, Mihaela-Veronica"]
[Result "1-0"]
[ECO "D02"]
[WhiteElo "2332"]
[BlackElo "2178"]
[Annotator "TA"]
[PlyCount "117"]
[EventDate "2023.11.11"]
[EventType "team-tourn"]
[EventCountry "ENG"]
[SourceTitle "playchess.com"]
[Source "ChessBase"]
[SourceQuality "1"]
[TimeControl "40/6000+30:3000+30"]

1. d4 d5 2. Nf3 Nf6 3. Bf4 Bf5 4. e3 e6 5. Ne5 h6 6. Nd2 Bd6 7. c4 c6 8. Qb3 b6 9. Rc1 O-O 10. Be2 Bxe5 11. Bxe5 Nbd7 12. Bd6 Re8 13. cxd5 cxd5 14. Ba6 e5 15. O-O exd4 16. exd4 Re6 17. Qa3 Ne8 18. Bg3 Qf6 $2 (18... Qe7 $16) 19. Bb7 $18 Rd8 20. Bxd5 (20. Qxa7 Qxd4 21. Nf3 Qxb2 $14) 20... Re2 21. Nf3 Bg4 $2 (21... Qe7 $16) 22. h3 (22. Qxa7 Qf5 23. Bc6 Bxf3 $18) 22... Bxf3 23. Bxf3 (23. Qxf3 Qxf3 24. gxf3 (24. Bxf3 Rxb2 25. a4 Rd2 $16) 24... Nf8 $14) 23... Rd2 24. Rfd1 Rxd4 25. Rxd4 (25. Qxa7 Ne5 26. Be2 R4d7) 25... Qxd4 26. Rd1 (26. Qxa7 Ne5 $16) 26... Qf6 27. Qxa7 Ne5 28. Rxd8 Nxf3+ 29. gxf3 Qxd8 30. Kg2 f5 (30... Nd6 {was called for.} 31. a4 Nc4) 31. Qa4 $18 Nf6 32. Qc6 Qd5 (32... Kh7 $142 33. Qe6 Kg6) 33. Qxb6 $18 Qxa2 $2 (33... Kf7 34. a4 Qd7) 34. Be5 $18 Kf7 35. Bxf6 gxf6 36. b4 Ke7 37. b5 (37. Qc7+ $142 Ke8 38. b5 Qg8+ 39. Qg3) 37... Qg8+ $18 38. Kh2 Qd5 39. Qe3+ (39. Qb8 $142 Qxf3 40. Qg3 (40. Qc7+ Ke6 $18)) 39... Kd7 40. Qxh6 Qxf3 41. Qd2+ (41. Qxf6 Qxf2+ 42. Kh1 Qf1+ 43. Kh2 Qf2+ 44. Kh1 Qf3+ 45. Kh2 Qf2+ $11) 41... Kc7 42. Qd4 (42. Qa5+ $142 Kd7 43. Qa7+ Kd8 44. Qb6+ Ke7 45. Qe3+ Qe4 46. Qxe4+ fxe4 47. Kg3) 42... f4 43. Qc5+ (43. Qxf6 Qxf2+ 44. Kh1 Qf1+ 45. Kh2 Qf2+ (45... Qxb5 46. Qxf4+ Kd7 47. h4 $11) 46. Kh1 Qf3+ 47. Kg1 Qg3+ (47... Qxh3 48. Qc6+ Kb8 49. Qd6+ Kb7 50. Qc6+ Kb8 51. Qb6+ Kc8 52. Qa6+ Kd7 53. Qc6+ Ke7 54. Qc5+ Kd8 55. Qd6+ Qd7 56. Qf8+ Qe8 57. Qxe8+ Kxe8 58. Kg2 $11) 48. Kf1 Qxh3+ 49. Kg1 Qe3+ 50. Kf1 Qf3+ 51. Ke1 Qe4+ 52. Kd2 Qe3+ 53. Kc2 Qe2+ 54. Kc3 Qe1+ (54... Qxb5 55. Qxf4+ Kb7 56. Qh4 $11) 55. Kd3 Qe3+ 56. Kc2 f3 $11) 43... Kb7 44. Qc6+ Qxc6 45. bxc6+ Kxc6 46. Kg2 Kd5 47. Kf3 Ke5 48. Kg4 Ke4 49. h4 f5+ 50. Kg5 f3 51. h5 Kd3 52. h6 (52. Kxf5 Ke2 $11) 52... Ke2 53. h7 (53. Kxf5 Kxf2 54. h7 Kg2 $11) 53... Kxf2 54. h8=Q (54. h8=R Kg1 55. Rh3 (55. Kxf5 f2 $11) 55... f2 56. Rg3+ (56. Kxf5 f1=Q+ 57. Kg4 Qd1+ 58. Kg5 Qd5+ 59. Kf6 Qd6+ 60. Kg5 Qe5+ 61. Kg4 Qe4+ 62. Kh5 Kf2 63. Rh4 Qf5+ 64. Kh6 Kg3 65. Rh5 Qf6+ 66. Kh7 Kg4 67. Rh6 Qf7+ 68. Kh8 Kf5 69. Rh1 Qe8+ 70. Kg7 Qe5+ 71. Kf8 Qb8+ 72. Ke7 Qb7+ 73. Kd6 Qxh1 74. Kc5 Qe4 75. Kb5 Ke5 76. Kb6 Qc4 77. Kb7 Kd6 78. Kb6 Qb4+ 79. Ka6 Kc7 80. Ka7 Qb7#) 56... Kh1 $11) 54... Kg1 55. Qh3 ({Weaker is} 55. Kxf5 f2 $11) 55... f2 56. Qg3+ ({Worse is} 56. Qxf5 f1=Q $11) 56... Kf1 57. Kf4 Ke2 58. Qe3+ ({And not} 58. Kxf5 f1=Q+ 59. Kg6 Qb1+ 60. Kg5 Qc1+ 61. Kh5 Qc5+ 62. Qg5 Qxg5+ 63. Kxg5 $11) 58... Kf1 59. Kf3 1-0

[Event "4NCL 2nd Div 2023-24"]
[Site "Daventry"]
[Date "2024.05.05"]
[Round "10.13"]
[White "Hryshchenko, Kamila"]
[Black "Sowray, Peter J"]
[Result "1-0"]
[ECO "C84"]
[WhiteElo "2146"]
[BlackElo "2206"]
[Annotator "RC"]
[PlyCount "67"]
[EventDate "2023.11.11"]
[EventType "team-tourn"]
[EventCountry "ENG"]
[SourceTitle "playchess.com"]
[Source "ChessBase"]
[SourceQuality "1"]
[TimeControl "40/6000+30:3000+30"]

1. e4 e5 2. Nf3 Nc6 3. Bb5 a6 4. Ba4 Nf6 5. d4 exd4 6. O-O Be7 7. Re1 b5 8. e5 Nxe5 9. Nxe5 bxa4 10. Qxd4 O-O 11. Qxa4 Rb8 12. Nd3 d5 13. Nc3 c5 14. Bf4 Rb6 15. Rad1 d4 16. Ne5 Bb7 17. Qa3 Re6 18. Qb3 Rb6 19. Qa3 Bd6 20. Na4 Rb4 21. c3 dxc3 22. Nxf7 Rxf7 23. Rxd6 Qa5 24. Nxc5 Qxc5 25. Rd8+ Rf8 26. Bd6 Rxd8 27. Bxc5 Rg4 28. g3 Ne4 29. f3 Rd2 30. bxc3 Nxg3 31. Qb3+ Bd5 32. Qb8+ Kf7 33. hxg3 Bxf3 34. Qf8+ 1-0

[Event "4NCL 2nd Div 2023-24"]
[Site "Daventry"]
[Date "2024.05.05"]
[Round "10.14"]
[White "Pert, Max"]
[Black "Price, Gwilym"]
[Result "0-1"]
[ECO "B40"]
[WhiteElo "2010"]
[BlackElo "2195"]
[Annotator "RC"]
[PlyCount "68"]
[EventDate "2023.11.11"]
[EventType "team-tourn"]
[EventCountry "ENG"]
[SourceTitle "playchess.com"]
[Source "ChessBase"]
[SourceQuality "1"]
[TimeControl "40/6000+30:3000+30"]

1. e4 c5 2. Nf3 e6 3. b3 b6 4. Bb2 Bb7 5. Nc3 d6 6. d4 cxd4 7. Qxd4 a6 8. O-O-O Nd7 9. g4 Rc8 10. g5 Ne7 11. h4 Ng6 12. Kb1 Qc7 13. Qe3 b5 14. h5 Nge5 15. Nxe5 dxe5 16. Bd3 Bc5 17. Qf3 Bd4 18. g6 O-O 19. gxh7+ Kh8 20. Rdg1 f5 21. h6 g5 22. Qg2 g4 23. Nd1 Nc5 24. f3 Nxd3 25. cxd3 Bxg1 26. Rxg1 Kxh7 27. fxg4 fxe4 28. g5 Kg6 29. Qh3 Rf5 30. Ne3 exd3 31. Nxf5 exf5 32. Rc1 d2 33. Rxc7 d1=Q+ 34. Rc1 Be4+ 0-1

[Event "4NCL 2nd Div 2023-24"]
[Site "Daventry"]
[Date "2024.05.05"]
[Round "10.15"]
[White "Varnam, Liam D"]
[Black "Brett, Andrew R"]
[Result "1-0"]
[ECO "B90"]
[WhiteElo "2029"]
[BlackElo "2044"]
[Annotator "NA RC"]
[PlyCount "89"]
[EventDate "2023.11.11"]
[EventType "team-tourn"]
[EventCountry "ENG"]
[SourceTitle "playchess.com"]
[Source "ChessBase"]
[SourceQuality "1"]
[TimeControl "40/6000+30:3000+30"]

1. e4 c5 2. Nf3 d6 3. d4 cxd4 4. Nxd4 Nf6 5. Nc3 a6 6. h3 Nc6 7. g4 g6 8. Be3 Bg7 9. Qd2 O-O 10. O-O-O Bd7 11. f3 Rc8 12. Nxc6 Rxc6 13. Nd5 Be6 14. h4 Bxd5 15. exd5 Rb6 16. Bd4 e6 17. dxe6 fxe6 18. Bxb6 Qxb6 19. Qxd6 Qe3+ 20. Kb1 Nd5 21. Rxd5 exd5 22. Qxd5+ Kh8 23. Bd3 Qb6 24. Qb3 Qc7 25. h5 g5 26. Be4 b5 27. h6 Be5 28. Rd1 a5 29. Qe6 Qc5 30. Qd7 Qc7 31. Qxc7 Bxc7 32. Rd7 Rd8 33. Rxh7+ Kg8 34. Rg7+ Kf8 35. Bd3 Re8 36. a3 Bf4 37. Rb7 b4 38. axb4 axb4 39. Rxb4 Kg8 40. h7+ Kh8 41. c4 Re3 42. Be4 Re1+ 43. Ka2 Rd1 44. c5 Rc1 45. Ra4 1-0

[Event "4NCL 2nd Div 2023-24"]
[Site "Daventry"]
[Date "2024.05.05"]
[Round "10.16"]
[White "Oh, Julie"]
[Black "Birtwistle, Nigel"]
[Result "0-1"]
[ECO "B23"]
[WhiteElo "1618"]
[BlackElo "2049"]
[Annotator "NA RC"]
[PlyCount "58"]
[EventDate "2023.11.11"]
[EventType "team-tourn"]
[EventCountry "ENG"]
[SourceTitle "playchess.com"]
[Source "ChessBase"]
[SourceQuality "1"]
[TimeControl "40/6000+30:3000+30"]

1. e4 c5 2. Nc3 g6 3. f4 Bg7 4. Nf3 a6 5. a4 Nc6 6. Be2 e6 7. O-O Nge7 8. d3 d5 9. Qe1 O-O 10. f5 d4 11. Qh4 exf5 12. Bh6 f6 13. e5 Nxe5 14. Nxe5 fxe5 15. Bg5 Re8 16. Bxe7 Qxe7 17. Qxe7 Rxe7 18. Nd5 Rf7 19. Bf3 Be6 20. Rae1 Re8 21. Nf4 exf4 22. Bd5 Rfe7 23. Rxe6 Rxe6 24. Re1 Kf7 25. Rxe6 Rxe6 26. Kf2 Kf6 27. Bxe6 Kxe6 28. Kf3 g5 29. h3 Ke5 0-1

[Event "4NCL 2nd Div 2023-24"]
[Site "Daventry"]
[Date "2024.05.05"]
[Round "10.17"]
[White "Larkin, Vladyslav"]
[Black "Mestel, A Jonathan"]
[Result "1-0"]
[ECO "A48"]
[WhiteElo "2445"]
[BlackElo "2472"]
[Annotator "TA"]
[PlyCount "77"]
[EventDate "2023.11.11"]
[EventType "team-tourn"]
[EventCountry "ENG"]
[SourceTitle "playchess.com"]
[Source "ChessBase"]
[SourceQuality "1"]
[TimeControl "40/6000+30:3000+30"]

1. d4 Nf6 2. Bf4 d6 3. Nf3 g6 4. h3 Bg7 5. c3 O-O 6. Nbd2 c5 7. dxc5 dxc5 8. e4 Nc6 {[%emt 0:09:37] The position is equal.} 9. Bc4 Nd7 10. O-O Nde5 11. Nxe5 Nxe5 12. Bxe5 Bxe5 13. f4 Bg7 14. a4 Bd7 15. Qe2 Qb6 16. Nf3 Rad8 17. Rf2 Be6 {[%emt 0:01:56] [#]} 18. f5 $1 Bxc4 19. Qxc4 gxf5 (19... e6 $11 {keeps the balance.}) 20. exf5 $16 Qd6 21. Re1 Bf6 22. Qg4+ Kh8 23. Ng5 Rd7 24. h4 Bxg5 25. hxg5 ({Don't play} 25. Qxg5 Rg8 26. Qf4 b6 $11) 25... Rg8 26. Qh4 $40 {[%emt 0:00:09][%mdl 128] White is up to no good.} e6 {[%emt 0:01:37] [#]} (26... Rg7 $14) 27. g6 $1 fxg6 28. fxe6 {[%emt 0:00:05] White is more active.} Qe7 {[%emt 0:03:11][%mdl 8192] A mistake that costs the game.} (28... Re7 $16) 29. Qh3 {[%emt 0:04:23] aiming for Ref1.} Qe8 30. Qe3 ({Weaker is} 30. exd7 Qxe1+ 31. Rf1 Qe7 $16) 30... Re7 31. Qxc5 h5 32. Qd4+ ({Resist} 32. Qxa7 Rxe6 33. Rxe6 Qxe6 34. Qxb7 Qe3 $18) 32... Kh7 33. Qxa7 Rxe6 34. Qxb7+ Rg7 35. Rxe6 Qxe6 36. Qf3 Qb6 (36... Ra7 37. Qf8 Rg7) 37. b4 $18 {[%emt 0:00:49] White is clearly winning.} Re7 38. Kh2 h4 39. Qf6 {[%emt 0:00:55] Weighted Error Value: White=0.20 (precise) /Black=0.26 (precise) .  Loses game:     	---       	Black=1      Mistake:       	---       	Black=3      Inaccurate:     	White=2     	Black=2      OK:         	White=9     	Black=12     Best:        	White=1     	Black=3      Brilliant:      	White=1     	---} 1-0